 Dungeon Crawl Stone Soup version 0.26.0-3-g156281e41b (webtiles) character file.

Game seed: 13314024963119128786

3767 EnegeticOcto the Cleaver (level 9, -13/82 HPs)
             Began as a Deep Dwarf Fighter on Jan 9, 2021.
             Was a Believer of Makhleb.
             Mangled by a white ugly thing (30 damage)
             ... on level 9 of the Dungeon.
             The game lasted 00:03:40 (4640 turns).

EnegeticOcto the Cleaver (Deep Dwarf Fighter)       Turns: 4640, Time: 00:03:40

Health: -13/82     AC: 21    Str: 26    XL:     9   Next: 94%
Magic:  0/0 (8)    EV:  5    Int:  9    God:    Makhleb [**....]
Gold:   175        SH: 11    Dex: 12    Spells: 8/8 levels left

rFire    . . .     SeeInvis .   a - +1 war axe
rCold    . . .     Faith    .   c - +0 kite shield
rNeg     + . .     Spirit   .   w - +0 plate armour
rPois    .         Reflect  .   s - +2 helmet
rElec    .         Harm     .   (no cloak)
rCorr    .         Rampage  .   v - +0 pair of gloves
Will     +....                  x - +2 pair of boots
Stlth    ..........             (no amulet)
HPRegen  0.00/turn              A - ring "Taetaet" {rN+ MP-9 Str+3 Slay+4, =R}
MPRegen  0.07/turn              (no ring)

@: non-regenerating
A: damage resistance, heal wounds, sense surroundings 2, no regeneration
a: Heal Wounds, Renounce Religion, Minor Destruction


You were on level 9 of the Dungeon.
You worshipped Makhleb.
Makhleb was pleased with you.
You visited 2 branches of the dungeon, and saw 10 of its levels.

You collected 549 gold pieces.
You spent 374 gold pieces at shops.

Inventory:

Hand Weapons
 a - a +1 war axe (weapon)
Missiles
 b - 2 throwing nets
Armour
 c - a +0 kite shield (worn)
 j - a +0 chain mail
 s - a +2 helmet (worn)
 v - a +0 pair of gloves (worn)
 w - a +0 plate armour (worn)
 x - a +2 pair of boots (worn)
Jewellery
 f - a cursed -4 ring of evasion {unknown}
 A - the ring "Taetaet" (left hand) {rN+ MP-9 Str+3 Slay+4, =R}
   (You bought it in a shop on level 8 of the Dungeon)

   [ring of positive energy]

   It affects your strength (+3).
   It affects your accuracy and damage with ranged weapons and melee attacks
   (+4).
   It protects you from negative energy.
   It affects your magic capacity (-9).
Wands
 p - a wand of iceblast (10) {@v2}
 z - a wand of disintegration (11)
Scrolls
 e - a scroll of fear {unknown}
 h - 2 scrolls of teleportation {@r3}
 l - 6 scrolls of remove curse {@r2}
 m - a scroll of blinking {@r4}
Potions
 d - a potion of might {@q3}
 g - 2 potions of invisibility
 k - 4 potions of flight
 o - 4 potions of heal wounds {@q2}
 r - 3 potions of curing {@q1}
 t - a potion of haste {@q4}
 u - 2 potions of attraction


   Skills:
 + Level 6.0 Fighting
 * Level 9.7 Axes
 + Level 7.3 Armour
 + Level 7.4 Shields
 + Level 5.9 Invocations


You had 8 spell levels left.
You didn't know any spells.
Your spell library was empty.

Dungeon Overview and Level Annotations

Branches:
Dungeon (9/15)             Temple (1/1) D:5
   Lair: D:8-11         Orc: D:9-12

Altars:
Ashenzari
Cheibriados
Dithmenos
Elyvilon
Fedhas
Gozag
Hepliaklqana
Makhleb
Nemelex Xobeh
Okawaru
Qazlal
Ru
Trog
Uskayaw
Vehumet
Wu Jian
Xom
Zin
The Shining One

Shops:
D:4 =   D:8 =


Innate Abilities, Weirdness & Mutations

You are resistant to damage.
You can heal yourself by infusing magical energy.
You passively map the area around you.
You do not regenerate.


Message History

No reachable target in view!
You feel much better.
An orc warrior is nearby!
An orc warrior is nearby!
An orc warrior is nearby!
An orc warrior is nearby!
An orc warrior is nearby!
No reachable target in view!
No reachable target in view!
No reachable target in view!
No reachable target in view!
No reachable target in view!
A white ugly thing comes into view.
The white ugly thing gurgles horribly!
You hear a loud, deep croak!
You block the orc warrior's attack.
A bullfrog comes into view.
You slash the orc warrior!
The orc warrior is heavily wounded.
You block the orc warrior's attack.
You hit the orc warrior.
The orc warrior is heavily wounded.
You block the orc warrior's attack.
You hit the orc warrior.
The orc warrior is heavily wounded.
The orc warrior hits you with a +0 flail.
You closely miss the orc warrior.
The orc warrior is heavily wounded.
You block the orc warrior's attack.
You hit the orc warrior.
The orc warrior is severely wounded.
The bullfrog swells and bulges.
The orc warrior hits you with a +0 flail.
Your shield and plate armour prevent you from hitting the orc warrior.
The orc warrior is severely wounded.
The orc warrior hits you with a +0 flail.
You slash the orc warrior!
You kill the orc warrior!
Makhleb accepts your kill.
No reachable target in view!
No reachable target in view!
No reachable target in view!
No reachable target in view!
No reachable target in view!
No reachable target in view!
No reachable target in view!
No reachable target in view!
No reachable target in view!
No reachable target in view!
No reachable target in view!
Found a spear.
A bullfrog and a wight come into view.
The wight is wielding a +2 falchion of freezing.
The bullfrog croaks.
A worker ant comes into view.
You block the bullfrog's attack.
The bullfrog hits you but does no damage.
Found 8 gold pieces.
You completely miss the bullfrog. You block the bullfrog's attack.
You hit the bullfrog.
The bullfrog is lightly wounded.
The bullfrog barely misses you. You block the bullfrog's attack.
You slash the bullfrog!
The bullfrog is severely wounded.
The bullfrog hits you but does no damage.
You hit the white ugly thing.
The white ugly thing is lightly wounded.
You closely miss the worker ant. The worker ant barely misses you.
You slash the white ugly thing!
The white ugly thing is moderately wounded.
You hit the worker ant but do no damage.
You block the worker ant's attack.
The white ugly thing engulfs you but does no damage.
You block the worker ant's attack.
You closely miss the white ugly thing.
The white ugly thing is moderately wounded.
You closely miss the worker ant. The white ugly thing engulfs you.
The white ugly thing freezes you!! The worker ant barely misses you.
You are too injured to fight recklessly!
You are too injured to fight recklessly!
You are too injured to fight recklessly!
You are too injured to fight recklessly!
You are too injured to fight recklessly!
You are too injured to fight recklessly!
You are too injured to fight recklessly!
You are too injured to fight recklessly!
You are too injured to fight recklessly!
You are too injured to fight recklessly!
You are too injured to fight recklessly!
You are too injured to fight recklessly!
You are too injured to fight recklessly!
You are too injured to fight recklessly!
You are too injured to fight recklessly!
You feel much better. The white ugly thing engulfs you!
The white ugly thing freezes you!!
* * * LOW HITPOINT WARNING * * *
You block the worker ant's attack.
You fail to use your ability.
The white ugly thing engulfs you.
* * * LOW HITPOINT WARNING * * *
The white ugly thing freezes you!!
You die...

.....#......#......#.....
##'###......#......##...#
, ,
#....##########..).###.##*
**
#.........#.....###.##.##,
* ,
#.........#......###.#.#z*
+.........'....+..####.##
,,
#.........#....#......⌠..
,
#....###########..####.##*
#....# ,......B@###.#.#F *
, , .....#
$.....u###.##.## ,, .....#
.......F..###.## .....
..........##..)# , ...
..........#.....* , , *
*** ................ ,, ,
,, * ................ , ,
, ............... , , * ,
, , , , < ,


You could see a white ugly thing, a bullfrog and a worker ant.

Vanquished Creatures
  Grinder (D:5)
  A wyvern (D:7)
  A water moccasin (D:6)
  4 orc warriors
  5 sky beasts
  2 ice beasts
  3 phantoms
  4 ogres
  2 centaurs
  3 bullfrogs
  4 scorpions
  4 killer bees (D:9)
  3 howler monkeys (D:8)
  2 hounds
  2 centaur zombies (D:8)
  A centaur skeleton (D:6)
  A jelly (D:5)
  4 orc priests
  2 bullfrog skeletons (D:5)
  5 orc wizards
  3 worker ants
  3 iguanas
  2 hound zombies
  A hound skeleton (D:6)
  A howler monkey zombie (D:7)
  3 adders
  A white imp (D:9)
  4 ufetubi
  2 oozes
  An adder zombie (D:5)
  2 adder skeletons
  2 worms (D:3)
  3 dart slugs
  3 leopard geckos
  19 orcs
  A ball python (D:2)
  5 giant cockroaches
  5 hobgoblins
  4 jackals
  2 quokkas
  A ball python skeleton (D:5)
  6 bats
  7 frilled lizards
  4 goblins
  4 kobolds
  A leopard gecko zombie (D:5)
  A quokka skeleton (D:5)
  3 rats
148 creatures vanquished.

Vanquished Creatures (others)
  2 plants (D:5)
2 creatures vanquished.

Grand Total: 150 creatures vanquished

Notes
Turn   | Place    | Note
-------+----------+-------------------------------------------
     0 | D:1      | EnegeticOcto the Deep Dwarf Fighter began the quest for the
                  | Orb.
     0 | D:1      | Reached XP level 1. HP: 20/20 MP: 1/1
   108 | D:1      | Reached XP level 2. HP: 24/27 MP: 2/2
   334 | D:2      | Reached skill level 3 in Axes
   334 | D:2      | Reached XP level 3. HP: 26/33 MP: 3/3
   616 | D:3      | Reached XP level 4. HP: 38/42 MP: 4/4
   740 | D:4      | Noticed an ogre
   751 | D:4      | Killed an ogre
   752 | D:4      | Reached skill level 4 in Axes
   752 | D:4      | Reached XP level 5. HP: 22/49 MP: 5/5
   878 | D:4      | Noticed an ogre
   890 | D:4      | Killed an ogre
   910 | D:4      | Found a bloodstained altar of Trog.
   979 | D:4      | You fall into a shaft and drop 1 floor!
   979 | D:5      | Entered Level 5 of the Dungeon
   997 | D:5      | Reached XP level 6. HP: 56/56 MP: 5/5
  1022 | D:5      | Noticed Grinder
  1046 | D:5      | Killed Grinder
  1047 | D:5      | Reached skill level 5 in Axes
  1111 | D:5      | Reached skill level 5 in Shields
  1111 | D:5      | Reached XP level 7. HP: 46/64 MP: 6/6
  1125 | D:4      | Found a sacrificial altar of Ru.
  1203 | D:4      | Found Axteul's Jewellery Emporium.
  1638 | D:5      | Reached skill level 5 in Armour
  1649 | D:5      | Reached skill level 6 in Axes
  1735 | D:5      | Found a staircase to the Ecumenical Temple.
  1743 | Temple   | Entered the Ecumenical Temple
  1829 | Temple   | Became a worshipper of Makhleb the Destroyer
  1950 | D:5      | Found an ornate altar of the Wu Jian Council.
  2012 | D:5      | Reached skill level 1 in Invocations
  2382 | D:5      | Reached XP level 8. HP: 54/73 MP: 7/7
  2505 | D:6      | Reached skill level 7 in Axes
  3042 | D:7      | Reached skill level 5 in Fighting
  3171 | D:7      | Reached skill level 8 in Axes
  3278 | D:7      | You fall into a shaft and drop 1 floor!
  3304 | D:8      | Gained mutation: You passively map the area around you.
                  | [Deep Dwarf growth]
  3304 | D:8      | Reached XP level 9. HP: 56/81 MP: 7/9
  3313 | D:8      | Reached * piety under Makhleb
  3445 | D:7      | Found an opulent altar of Gozag.
  3449 | D:7      | Found a blossoming altar of Fedhas.
  3736 | D:8      | Reached skill level 5 in Invocations
  3755 | D:8      | Reached skill level 9 in Axes
  3840 | D:8      | Found a glowing silver altar of Zin.
  3936 | D:8      | Found a stormy altar of Qazlal.
  3961 | D:8      | Found an iron altar of Okawaru.
  4078 | D:8      | Found Sazagis's Jewellery Boutique.
  4092 | D:8      | Bought the ring "Taetaet" {rN+ MP-9 Str+3 Slay+4} for 374
                  | gold pieces
  4394 | D:9      | Reached ** piety under Makhleb
  4617 | D:9      | Noticed a white ugly thing
  4640 | D:9      | Mangled by a white ugly thing

Illustrated notes

Levels and vault maps discovered:
D:1:      minmay_arrival_checkered_box, layout_basic
D:2:      layout_basic, uniq_robin
D:3:      layout_loops_ring, lemuel_doored_altar, portal_sewer_entry_d
D:4:      layout_gridville, nicolae_ru_awakened_eye, serial_shops, shop,
          minmay_misc_feat_diagonals, serial_bayou_ford_a, trog_butcher_becter
D:5:      layout_gridville, kennysheep_little_box,
          minmay_temple_entry_overgrown, grunt_ministairs_9, uniq_grinder
D:6:      layout_loops_ring
D:7:      layout_loops_ring, nicolae_overflow_hidden_temple
D:8:      layout_cave_pools, grunt_qazlal_clouds, kennysheep_mini, zin_treasury,
          serial_shops, nicolae_shop_crystal
D:9:      layout_grid_maze, gammafunk_temple_overflow_elements,
          minmay_misc_feat_cross, grunt_ministairs_13, kb_rosetta
Temple:   nicolae_temple_hex_pool

Skill      XL: |  1  2  3  4  5  6  7  8  9 |
---------------+----------------------------+-----
Axes           | 3 4 5 6 8 9 |  9.7
Fighting       | 3 4 5 6 |  6.0
Armour         | 4 5 6 7 |  7.3
Shields        | 4 5 6 7 |  7.4
Invocations    | 1 4 5 |  5.9

Action                   |  1- 3 |  4- 6 |  7- 9 || total
-------------------------+-------+-------+-------++-------
Melee: War axe           |   113 |    81 |   372 ||   566
 Abil: Heal Wounds       |     1 |     6 |    14 ||    21
  Use: Scroll            |       |       |    18 ||    18
Armor: Scale mail        |    23 |       |       ||    23
       Chain mail        |    31 |    33 |    59 ||   123
       Plate armour      |       |       |   228 ||   228
Dodge: Dodged            |    30 |    21 |    83 ||   134
Block: Kite shield       |    66 |    44 |   233 ||   343
